cohdb
Replays
Latest Replays
All Replays
Popular Replays
Top Player Replays
Match Explorer
How It Works
Community
CoH3 Stats
Reddit
Sign in to upload your games and track your stats! →
Sign in with Steam
Match 45436472
Unlisted
Match 45436472
Overview
Messages
Build Orders
End
Selects Airborne Battlegroup
Selects Pathfinders
Pathfinder Squad
Construct Barracks
Engineer Squad
Riflemen Squad
Construct Weapon Support Center
M1919 Machine Gun Team
Air Support Center
Construct Medical Station
M1 Mortar Team
Selects Paratrooper Squad Paradrop
M1918 Browning Automatic Rifles
Grenade Package
P-47 Strafing Run
P-47 Dive Bomb
Bazooka Squad
M1919 Machine Gun Team
P-47 Strafing Run
P-47 Dive Bomb
M1919 Machine Gun Team
Construct Tank Depot
P-47 Strafing Run
P-47 Dive Bomb
tevaldomercucho
=||= Teütschland =||=
0
0
Comments
sign in to comment!
No comments posted yet!